 Dungeon Crawl Stone Soup version 0.31-a0-664-g902f515a81 (webtiles) character file.

Game seed: 14329059242303002950

2196 Ge0ff the Spear-Bearer (level 9, 0/111 HPs)
             Began as a Meteoran Reaver on Sept 2, 2023.
             Slain by a hornet zombie (2 damage)
             ... in an ossuary.
             The game lasted 00:18:19 (2463 turns).

Ge0ff the Spear-Bearer (Meteoran Reaver)            Turns: 2463, Time: 00:18:20

Health: 0/111      AC: 24    Str: 14    XL:     9   Next: 90%
Magic:  17/17      EV:  2    Int: 20    God:
Gold:   145        SH:  0    Dex: 12    Spells: 5/18 levels left

rFire   + . .        a - +0 trident
rCold   . . .        (no shield)
rNeg    . . .        d - melded +0 leather armour
rPois   +            (helmet currently unavailable)
rElec   .            (cloak currently unavailable)
rCorr   .            N - melded +2 pair of gloves
SInv    .            (boots currently unavailable)
Will    +....        (no amulet)
Stlth   +            e - ring of protection from fire
HPRegen 0.38/turn    (no ring)
MPRegen 0.15/turn

%: no passive effects
@: tree-form, on berserk cooldown, slowed, glowing, studying Polearms, very slow
A: stationary, stasis, torment immunity, boosted hp, sense surroundings 2,
otherworldly, glowing, explore regen, (iridescent scales 1), (poison
resistance), inability to read after injury 1
a: no special abilities


You were in an ossuary.
You were a tree.
You visited 1 branch of the dungeon, and saw 5 of its levels.
You also visited: Ossuary.

You collected 145 gold pieces.

Inventory:

Hand Weapons
 a - a +0 trident (weapon)
 b - a +0 dagger of speed
 Q - a +0 orcbow
 W - a +0 spear
Missiles
 g - a throwing net {=F}
 m - 4 atropa-tipped darts
 X - 3 poisoned darts
 Z - 3 boomerangs (quivered)
Armour
 d - a +0 leather armour (melded)
 l - a +0 robe of fire resistance
 N - a +2 pair of gloves (melded)
Jewellery
 e - a ring of protection from fire (left branch)
 R - an amulet of guardian spirit
Talismans
 h - a beast talisman
Wands
 s - a wand of mindburst (10)
Scrolls
 i - a scroll of identify
 k - a scroll of amnesia
 B - 2 scrolls of blinking
 T - 3 scrolls of teleportation
 U - a scroll of revelation {unknown}
 V - a scroll of torment {unknown}
Potions
 M - 2 potions of might


   Skills:
 - Level 5.0 Fighting
 + Level 8.3 Polearms
 + Level 1.6 Armour
 - Level 2.1 Dodging
 + Level 5.2 Spellcasting
 + Level 6.0 Conjurations
 - Level 1.0 Necromancy
 - Level 2.0 Translocations
 * Level 1.7 Ice Magic
 + Level 6.0 Air Magic
 - Level 5.0 Poison Magic
 - Level 5.0 Evocations


You had 5 spell levels left.
You knew the following spells:

 Your Spells              Type           Power      Damage    Failure   Level
f - Mephitic Cloud        Conj/Pois/Air  28%        N/A       3%          3
m - Momentum Strike       Conj/Tloc      42%        3d9       3%          2
s - Freezing Cloud        Conj/Ice/Air   11%        6-21      43%         5
C - Poisonous Vapours     Pois/Air       54%        N/A       1%          2
E - Kiss of Death         Conj/Necr      76%        2d11      2%          1

Your spell library contained the following spells:

 Spells                   Type           Power      Damage    Failure   Level
 Hailstorm                Conj/Ice       20%        3d6       7%          3


Dungeon Overview and Level Annotations

Branches:
Dungeon (5/15) Zot: 657   Ossuary (1/1) Zot: 495
 Temple: D:4-7

Altars:
Okawaru
The Shining One


Innate Abilities, Weirdness & Mutations

You are a tree.
Your roots penetrate the ground, keeping you stationary.
You cannot be teleported.
You are immune to unholy pain and torment.
Your maximum health is greatly increased.
Your equipment is partially melded.
You passively map the area around you.
You are easily found by Zot.
You glow in the dark.
You regain HP and MP as you explore.
((You are partially covered in iridescent scales. (AC +2)))
((Your system is resistant to poisons. (rPois)))
You occasionally lose the ability to read scrolls when taking damage.


Message History

The centaur zombie kicks you but does no damage.
You barely miss the centaur zombie.
The centaur zombie is heavily damaged.
You puncture the mummy!
The mummy is heavily damaged.
You hit the mummy.
The mummy is severely damaged.
You puncture the mummy!
You destroy the mummy!
A bullfrog zombie comes into view.
You hit the centaur zombie.
The centaur zombie is severely damaged.
The centaur zombie completely misses you.
The centaur zombie kicks you but does no damage.
You puncture the centaur zombie!
The centaur zombie is almost destroyed.
The centaur zombie hits you but does no damage.
The centaur zombie kicks you but does no damage.
You puncture the centaur zombie!
You destroy the centaur zombie!
You puncture the hornet zombie!
The hornet zombie is lightly damaged.
You puncture the hornet zombie!
The hornet zombie is moderately damaged.
The hornet zombie hits you but does no damage.
You hit the hornet zombie.
The hornet zombie is moderately damaged.
The hornet zombie barely misses you.
You hit the hornet zombie.
The hornet zombie is heavily damaged.
The hornet zombie hits you.
* * * LOW HITPOINT WARNING * * *
You puncture the hornet zombie!
The hornet zombie is severely damaged.
You are no longer berserk.
You are exhausted.
You feel yourself slow down.
As you read the scroll of summoning, it crumbles to dust.
Wisps of shadow whirl around you...
The hornet zombie hits you but does no damage. x2
You closely miss the hornet zombie.
The hornet zombie is severely damaged.
The hornet zombie hits you.
* * * LOW HITPOINT WARNING * * *
The hornet zombie hits you but does no damage.
Your sky beast zombie hits the hornet zombie.
You barely miss the hornet zombie.
The hornet zombie is severely damaged.
The hornet zombie hits you.
You die...

'.#, , , *#.#
*** ~ '.' ~
,*
###.#####~***
*~ #.'.#..∩#
, *
###M'.∩.#, ,
#.ZZ#...# *
,'
###Z#####.#*
*
#M♣ZM......,
, ,*
###Z#'#+#+#
#.#.# , ,
###*#


You could see a bog mummy, a bullfrog zombie, a hornet zombie (ally target), 2
friendly mummies, a friendly sky beast zombie (summoned) and a friendly orc
wizard zombie (summoned).

Vanquished Creatures
  A two-headed ogre (D:5)
  Pikel (D:4)
  A steam dragon (D:5)
  A centaur (D:5)
  A lemure (D:3)
  3 wyvern zombies (Ossuary)
  2 scorpions
  A howler monkey (D:3)
  2 bullfrog zombies (Ossuary)
  A centaur zombie (Ossuary)
  An orc priest (D:3)
  A hound (D:5)
  7 iguanas
  2 orc wizards (D:3)
  A killer bee zombie (Ossuary)
  4 mummies (Ossuary)
  A howler monkey zombie (Ossuary)
  8 gnolls
  2 adders
  5 dart slugs
  9 orcs
  4 endoplasms
  2 giant cockroaches (D:2)
  6 goblins
  5 hobgoblins
  2 quokkas
  6 ball pythons
  5 bats
  A frilled lizard (D:3)
  6 kobolds
  12 rats
104 creatures vanquished.

Notes
Turn   | Place    | Note
-------+----------+-------------------------------------------
     0 | D:1      | Ge0ff the Meteoran Reaver began the quest for the Orb.
     0 | D:1      | Reached XP level 1. HP: 17/17 MP: 5/5
    54 | D:1      | Reached skill level 4 in Polearms
    54 | D:1      | Reached XP level 2. HP: 24/24 MP: 6/6
   120 | D:1      | Reached skill level 1 in Air Magic
   136 | D:1      | Reached skill level 1 in Poison Magic
   357 | D:1      | Learned a level 2 spell: Poisonous Vapours
   389 | D:1      | Reached XP level 3. HP: 29/29 MP: 8/8
   901 | D:3      | Reached skill level 1 in Necromancy
   901 | D:3      | Reached XP level 4. HP: 34/36 MP: 1/9
   917 | D:3      | Reached XP level 5. HP: 36/41 MP: 0/10
  1009 | D:3      | Gained mutation: Your system is resistant to poisons.
                  | (rPois) [potion of mutation]
  1009 | D:3      | Gained mutation: You occasionally lose the ability to read
                  | scrolls when taking damage. [potion of mutation]
  1009 | D:3      | Gained mutation: You are partially covered in iridescent
                  | scales. (AC +2) [potion of mutation]
  1071 | D:3      | Learned a level 3 spell: Mephitic Cloud
  1280 | D:3      | Reached XP level 6. HP: 51/51 MP: 6/11
  1472 | D:3      | Found an iron altar of Okawaru.
  1604 | D:4      | Noticed Pikel
  1692 | D:4      | Reached skill level 1 in Armour
  1731 | D:4      | Found a glowing golden altar of the Shining One.
  1747 | D:4      | Reached skill level 1 in Evocations
  1789 | D:4      | Killed Pikel
  1790 | D:4      | Reached skill level 5 in Fighting
  1790 | D:4      | Reached XP level 7. HP: 53/61 MP: 5/12
  1790 | D:4      | Reached XP level 8. HP: 59/68 MP: 5/13
  1805 | D:4      | Learned a level 2 spell: Momentum Strike
  1811 | D:4      | Learned a level 5 spell: Freezing Cloud
  2026 | D:5      | Entered Level 5 of the Dungeon
  2081 | D:5      | Noticed a steam dragon
  2096 | D:5      | Reached skill level 1 in Translocations
  2096 | D:5      | Reached skill level 5 in Evocations
  2096 | D:5      | Killed a steam dragon
  2128 | D:5      | Noticed a two-headed ogre
  2143 | D:5      | Killed a two-headed ogre
  2144 | D:5      | Reached skill level 7 in Polearms
  2144 | D:5      | Reached skill level 5 in Conjurations
  2144 | D:5      | Reached skill level 5 in Air Magic
  2144 | D:5      | Reached skill level 5 in Poison Magic
  2144 | D:5      | Reached skill level 8 in Polearms
  2144 | D:5      | Gained mutation: You passively map the area around you.
                  | [Meteoran growth]
  2144 | D:5      | Reached XP level 9. HP: 74/74 MP: 1/17
  2154 | D:5      | Reached skill level 5 in Spellcasting
  2341 | D:5      | Found a sand-covered staircase.
  2348 | Ossuary  | Entered an ossuary
  2414 | Ossuary  | Reached skill level 1 in Ice Magic
  2441 | Ossuary  | HP: 5/111 [wyvern zombie (10)]
  2459 | Ossuary  | HP: 7/166 [hornet zombie (5)]
  2462 | Ossuary  | HP: 2/111 [hornet zombie (4)]
  2463 | Ossuary  | Slain by a hornet zombie

Illustrated notes

Levels and vault maps discovered:
D:1:      dpeg_arrival_ratfight, layout_basic, palyth_stone_intersect
D:2:      layout_loops_ring
D:3:      layout_loops_corners, mainiacjoe_overflow_alcove_2
D:4:      layout_rooms, mainiacjoe_overflow_brackets, uniq_pikel
D:5:      minmay_evil_eye, layout_layer_cave, mainiacjoe_overflow_paths,
          mainiacjoe_overflow_small_starburst, chequers_ossuary_entry_cave,
          minmay_manual_mandibuliform
Ossuary:  ossuary_zaba_flooded

Skill      XL: |  1  2  3  4  5  6  7  8  9 |
---------------+----------------------------+-----
Polearms       | 4 8 |  8.3
Air Magic      | 1 2 3 4 5 6 |  6.0
Poison Magic   | 1 2 3 4 5 |  5.0
Necromancy     | 1 |  1.0
Fighting       | 3 5 |  5.0
Spellcasting   | 3 4 5 |  5.2
Armour         | 1 |  1.6
Evocations     | 4 5 |  5.0
Conjurations   | 4 5 6 |  6.0
Translocations | 2 |  2.0
Ice Magic      | 1 |  1.7
Dodging        | |  2.1

Action                     |  1- 3 |  4- 6 |  7- 9 || total
---------------------------+-------+-------+-------++-------
  Melee: Spear             |    92 |    27 |       ||   119
         Unarmed           |       |     8 |       ||     8
         Trident           |       |    74 |   135 ||   209
         Punch             |       |     1 |     3 ||     4
  Throw: Boomerang         |       |       |     7 ||     7
   Cast: Poisonous Vapours |    16 |    45 |    35 ||    96
         Mephitic Cloud    |       |     1 |     5 ||     6
  Evoke: Wand              |       |       |     2 ||     2
    Use: Scroll            |     1 |     4 |     1 ||     6
         Potion            |       |     4 |     4 ||     8
 Armour: Leather armour    |    38 |    73 |    49 ||   160
         Skin              |       |    23 |    39 ||    62
  Dodge: Dodged            |    38 |    62 |    49 ||   149

Table legend: (Time is in decaauts)
 A = Elapsed time spent in this place.
 B = Non-inter-level travel time spent in this place.
 C = Inter-level travel time spent in this place.
 D = Time resting spent in this place.
 E = Time spent auto-exploring this place.
 F = Levels seen in this place.
 G = Mean time per level.
                   A        B        C        D        E       F      G
               +--------+--------+--------+--------+--------+-----+--------+
         Total |   2445 |   2377 |     68 |     62 |      0 |   6 |  407.5 |
       Dungeon |   2342 |   2274 |     68 |     55 |      0 |   5 |  468.4 |
       Ossuary |    103 |    103 |      0 |      7 |      0 |   1 |  103.0 |
               +--------+--------+--------+--------+--------+-----+--------+

Top non-repeatable levels by time:
     D:3: 774 daAuts
     D:1: 451 daAuts
     D:2: 425 daAuts
     D:4: 384 daAuts
     D:5: 306 daAuts
 Ossuary: 103 daAuts
